 Dungeon Crawl Stone Soup version 0.17.2-1-ge4368a0 (webtiles) character file.

40 Goblin1989 the Digger (level 3, -8/21 HPs)
             Began as a Kobold Earth Elementalist on Oct 16, 2016.
             Was an Initiate of Makhleb.
             Mangled by an ogre
             ... wielding a +0 giant club
              (18 damage)
             ... on level 6 of the Dungeon.
             The game lasted 00:15:34 (562 turns).

Goblin1989 the Digger (Kobold Earth Elementalist)    Turns: 562, Time: 00:15:34

Health: -8/21      AC:  2    Str:  7    XL:     3   Next: 72%
Magic:  5/6        EV: 15    Int: 13    God:    Makhleb [......]
Gold:   131        SH:  0    Dex: 16    Spells: 3 memorised, 0 levels left

rFire  . . .     SeeInvis .     b - stone
rCold  + . .     Clarity  .     e - +0 robe
rNeg   . . .     SustAt   .     (shield restricted)
rPois  .         Gourm    .     (no helmet)
rElec  .         Spirit   .     (no cloak)
rCorr  .         Warding  .     (no gloves)
rMut   .         Stasis   .     (no boots)
MR     .....                    (no amulet)
Stlth  ++........               j - ring of wizardry
                                c - ring of protection from cold

@: not resistant to hostile enchantments, unstealthy
A: carnivore 3
a: Renounce Religion


You were on level 6 of the Dungeon.
You worshipped Makhleb.
Makhleb was noncommittal.
You were completely stuffed.

You visited 1 branch of the dungeon, and saw 6 of its levels.

You collected 131 gold pieces.

Inventory:

Hand Weapons
 a - a +0 flail
Missiles
 b - a stone (in hand)
Armour
 e - a +0 robe (worn)
Jewellery
 c - a ring of protection from cold (left hand)
 j - a ring of wizardry (right hand)
Scrolls
 f - a scroll of fog {unknown}
 i - 3 scrolls of identify {unknown}
Potions
 g - a potion of heal wounds {unknown}
Books
 h - a book of Geomancy

   Spells                             Type                      Level
   a - Sandblast                      Earth                        1
   b - Stoneskin                      Transmutation/Earth          2
   c - Passwall                       Transmutation/Earth          3
   d - Stone Arrow                    Conjuration/Earth            3
   e - Petrify                        Transmutation/Earth          4
   f - Lee's Rapid Deconstruction     Earth                        5
Comestibles
 d - 2 meat rations {@e2}
 k - a slice of pizza


   Skills:
 + Level 1.6 Fighting
 * Level 2.0 Maces & Flails
 + Level 2.9 Dodging
 - Level 2.6 Stealth
 - Level 2.0 Spellcasting
 - Level 0.8 Transmutations
 - Level 3.0 Earth Magic


You couldn't memorise any spells.
You knew the following spells:

 Your Spells              Type           Power        Failure   Level  Hunger
a - Sandblast             Erth           #.....       4%          1    ##.....
b - Stoneskin             Trmt/Erth      #.......     9%          2    ###....
c - Passwall              Trmt/Erth      #.........   16%         3    ####...


Dungeon Overview and Level Annotations

Branches:
Dungeon (6/15)
 Temple: D:4-7

Altars:
Makhleb

Annotations:
D:5 Dowan, Duvessa


Innate Abilities, Weirdness & Mutations

You are small and have problems with some larger weapons.
You are carnivorous and can eat meat at any time.


Message History

You climb downwards.
An ogre comes into view. It is wielding a giant club.
Found a short sword.
There is a stone staircase leading up here.
You take 3 damage, and have 10/21 hp.
Found a scroll labeled SEFAUB HINOK.
b - 2 stones (in hand)
You aren't carrying any items that can be evoked.
Unknown command.
Casting: Sandblast
Confirm with . or Enter, or press ? or * to list all spells.
Aiming: Sandblast
Press: ? - help, Shift-Dir - straight line, f - ogre
Aim: an ogre, wielding a giant club The rocky blast hits the ogre.
The ogre is moderately wounded.
You now have 5/6 mp.
The ogre hits you with a giant club!!
Ouch! That really hurt!
You die...

ਜਜਜ.......
ਜਜ........ਜ
ਜਜਜਜ........ਜ
...........ਜਜ
ਜ..........ਜ
ਜ.<........ਜਜ
ਜਜ.....ਜ....ਜ .
ਜਜ....ਜ....ਜਜਜ....
ਜ.).....O@......ਜ
ਜਜ.......?.ਜਜਜਜਜਜ
ਜ........ਜਜ
ਜ........ਜ
ਜ.......ਜਜ
ਜ.......ਜ
ਜ.......ਜ
.......ਜਜ


You could see an ogre.

Vanquished Creatures
  2 oozes
  3 orcs
  A ball python (D:3)
  3 hobgoblins
  4 kobolds
  3 bats
  A giant cockroach (D:2)
  A giant gecko (D:1)
  4 giant newts
  4 goblins
  5 rats
31 creatures vanquished.

Notes
Turn   | Place    | Note
--------------------------------------------------------------
     0 | D:1      | Goblin1989 the Kobold Earth Elementalist began the quest for the Orb.
     0 | D:1      | Reached XP level 1. HP: 10/10 MP: 3/3
   117 | D:1      | Reached XP level 2. HP: 14/16 MP: 1/5
   118 | D:1      | Reached skill level 1 in Maces & Flails
   192 | D:2      | Reached skill level 1 in Fighting
   319 | D:2      | Reached XP level 3. HP: 6/20 MP: 2/6
   389 | D:3      | Learned a level 2 spell: Stoneskin
   502 | D:5      | Entered Level 5 of the Dungeon
   535 | D:5      | Learned a level 3 spell: Passwall
   536 | D:5      | Found a burning altar of Makhleb.
   536 | D:5      | Noticed Duvessa
   543 | D:5      | Noticed Dowan
   544 | D:5      | Became a worshipper of Makhleb the Destroyer
   551 | D:6      | Noticed an ogre
   562 | D:6      | Mangled by an ogre

Action                   || total
-------------------------++-------
Melee: Whip              ||    42
       Flail             ||     2
 Cast: Sandblast         ||    32
  Use: Potion            ||     3
  Eat: Chunk             ||     8

Vault maps used:
D:1:      nicolae_arrival_washed_ashore, minmay_misc_feat_square
D:2:      minmay_fountain_box
D:3:      lemuel_doored_altar
D:5:      grunt_temple_overflow_open, overflow_temple_1_default,
          minmay_temple_entry_junction, first_bread, uniq_duvessa
D:6:      jiyva_altar_1
